AoeStats
← Panny-kun

Four Lakes

509941479Analyzed
1v1 RM · 4d ago on Sep 28, 2026· 39m 32s· 2 players
Game mode
Random Map
Map size
Tiny (2 player)
Population
200
Speed
Normal
Resources
Standard
Victory
Conquest
Starting age
Dark Age
Ending age
Imperial Age
RankedLock teamsTeams togetherTeam positionsShared explorationLock speedFull tech treeHidden civsTurbo modeCheats
Victory
Defeat
🇵🇭 Maya · Philippines
1278
+18
🇧🇪 Varangians · Belgium
1318
-18
Panny-kun
6:22 Loom
9:34 Feudal Age
10:24 Double-Bit Axe
12:24 Fletching
14:14 Padded Archer Armor
22:15 Castle Age
21:32 Gold Mining
22:15 Crossbowman
22:52 Bodkin Arrow
29:27 Ballistics
32:13 Imperial Age
32:53 Bracer
33:55 Chemistry
34:05 Arbalester
36:01 Capped Ram
SenorBonas
9:01 Loom
11:09 Feudal Age
13:20 Double-Bit Axe
15:17 Fletching
17:46 Castle Age
16:16 Padded Archer Armor
21:53 Bow Saw
22:23 Elite Skirmisher
23:10 Bodkin Arrow
25:15 Leather Archer Armor
29:29 Town Watch
35:44 Imperial Age
33:54 Scale Barding Armor
36:25 Bracer
36:56 Ring Archer Armor
39:31 Ballistics
39:51 Wheelbarrow
40:17 Chain Barding Armor
Connection lost

Rejoining the realm…

Still unreachable

The connection could not be restored.

Session expired

The server has moved on; the page needs a fresh start.